 Dungeon Crawl Stone Soup version 0.18.1-6-gd335043 (webtiles) character file.

3539 mistymad the Cleaver (level 9, -3/81 (83) HPs)
             Began as a Minotaur Berserker on May 18, 2016.
             Was an Elder of Trog.
             Slain by an orc warrior
             ... wielding a +0 trident
              (12 damage)
             ... on level 8 of the Dungeon.
             The game lasted 00:16:14 (7355 turns).

mistymad the Cleaver (Minotaur Berserker)           Turns: 7355, Time: 00:16:15

HP:   -3/81 (83)    AC:  8    Str: 21    XL:     9   Next: 82%
MP:   8/8           EV: 15    Int:  4    God:    Trog [****..]
Gold: 275           SH:  0    Dex: 14    Spells: 0 memorised, 8 levels left

rFire  . . .     SeeInvis .     u - +0 hand axe (curse)
rCold  . . .     Gourm    .     l - +0 ring mail
rNeg   . . .     Faith    .     (no shield)
rPois  .         Spirit   .     (helmet restricted)
rElec  .         Dismiss  .     (no cloak)
rCorr  .         Reflect  .     (no gloves)
SustAt .         Harm     .     D - +0 pair of boots
MR     .....                    (no amulet)
Stlth  +.........               (no ring)
                                (no ring)

@: slowed, very slow, not resistant to hostile enchantments, very unstealthy
A: retaliatory headbutt, horns 2, MP-powered wands
a: Berserk, Trog's Hand, Brothers in Arms, Burn Spellbooks, Renounce Religion


You were on level 8 of the Dungeon.
You worshipped Trog.
Trog was greatly pleased with you.
You were very hungry.

You visited 2 branches of the dungeon, and saw 9 of its levels.

You collected 370 gold pieces.
You spent 95 gold pieces at shops.

Inventory:

Hand Weapons
 u - a cursed +0 hand axe (weapon)
Armour
 l - a +0 ring mail (worn)
 D - a +0 pair of boots (worn)
Jewellery
 j - an uncursed ring of protection from magic {unknown}
 p - an uncursed ring of see invisible {unknown}
 F - an uncursed amulet of harm {unknown}
Wands
 f - a wand of slowing (21/48)
Scrolls
 a - a scroll of blinking {unknown}
 e - 9 scrolls of identify {unknown}
 g - 3 scrolls of fog {unknown}
 s - a scroll of teleportation {unknown}
 t - a scroll of fear {unknown}
 w - a scroll of random uselessness {unknown}
 y - 3 scrolls of remove curse {unknown}
 A - a scroll of noise {unknown}
 G - a scroll of magic mapping {unknown}
Potions
 b - a potion of agility {unknown}
 d - a potion of ambrosia {unknown}
 h - a potion of magic {unknown}
 i - a potion of lignification {unknown}
 k - a potion of cancellation {unknown}
 m - 2 potions of cure mutation {unknown}
 n - 2 potions of degeneration {unknown}
 o - 2 potions of curing {unknown}
 q - a potion of mutation {unknown}
 v - a potion of heal wounds {unknown}
 C - a potion of haste {unknown}
 E - a potion of brilliance {unknown}
Books
 z - a book of Dreams

   Spells                             Type                      Level
   a - Ensorcelled Hibernation        Hexes/Ice                    2
   b - Silence                        Hexes/Air                    5
   c - Darkness                       Hexes                        6
   d - Shadow Creatures               Summoning                    6
   Trog disapproves of the use of such an item.
Comestibles
 c - 10 bread rations
 r - 2 royal jellies
 x - a fruit
 B - 2 meat rations


   Skills:
 + Level 9.0 Fighting
 + Level 10.1 Axes
 + Level 8.5 Armour
 + Level 7.5 Dodging


You had 8 spell levels left.
You didn't know any spells.

Dungeon Overview and Level Annotations

Branches:
Dungeon (8/15)             Temple (1/1) D:4
   Lair: D:8-11

Altars:
Ashenzari
Cheibriados
Dithmenos
Elyvilon
Fedhas
Gozag
Kikubaaqudgha
Makhleb
Nemelex Xobeh
Okawaru
Qazlal
Ru
Sif Muna
Trog
Vehumet
Xom
Yredelemnul
Zin
The Shining One

Shops:
D:4 (   D:5 %


Innate Abilities, Weirdness & Mutations

You reflexively headbutt those who attack you in melee.
You have a pair of horns on your head.
You expend magic power (3 MP) to strengthen your wands.


Message History

You hit the orc warrior. Your headbutt misses the orc warrior.
The orc warrior is lightly wounded.
The orc warrior hits you but does no damage.
You hit the orc warrior but do no damage.
Your headbutt misses the orc warrior.
The orc warrior is lightly wounded.
The orc warrior barely misses you.
You barely miss the orc warrior.
The orc warrior is lightly wounded.
The orc warrior hits you with a trident!
* * * LOW HITPOINT WARNING * * *
You hit the orc warrior. You headbutt the orc warrior.
The orc warrior is moderately wounded.
The orc warrior closely misses you. You furiously retaliate!
You headbutt the orc warrior, but do no damage.
Unknown command.
You hit the orc warrior. Your headbutt misses the orc warrior.
The orc warrior is heavily wounded.
The orc warrior hits you with a trident!
You die...

. .. #######
...##.....##
...........##
..........<.#
........@o<)#
.........)).#
###.........#
#.........#
#......>..#
P.........##
..........##
...#.######


You could see an orc warrior.

Vanquished Creatures
  An oklob plant (D:7)
  The ghost of mistymad the Chopper, an amateur MiBe of Trog (D:4)
  A spriggan (D:7)
  Eustachio (D:6)
  2 black bears (D:7)
  A sky beast (D:7)
  A wasp (D:7)
  A necrophage (D:7)
  A phantom (D:7)
  6 ogres
  2 centaurs
  2 giant frogs (D:6)
  2 scorpions
  6 killer bees (D:7)
  A howler monkey (D:6)
  4 crimson imps
  An orc priest (D:8)
  A centaur skeleton (D:6)
  A giant frog skeleton (D:6)
  Jessica (D:3)
  Natasha (thrice) (D:2)
  An iguana (D:5)
  5 orc wizards
  5 worker ants
  A killer bee zombie (D:5)
  2 hound skeletons
  7 adders
  3 gnolls (D:5)
  A howler monkey skeleton (D:5)
  4 oozes
  2 adder skeletons
  A worm (D:2)
  A dart slug (D:4)
  3 giant geckos
  28 orcs
  9 bats
  4 giant cockroaches
  6 goblins
  7 hobgoblins
  2 jackals (D:1)
  7 kobolds
  5 quokkas
  A ball python (D:3)
  A giant gecko skeleton (D:4)
  3 giant newts
  2 jackal zombies (D:7)
  A quokka skeleton (D:4)
  9 rats
161 creatures vanquished.

Notes
Turn   | Place    | Note
--------------------------------------------------------------
     0 | D:1      | mistymad the Minotaur Berserker began the quest for the Orb.
     0 | D:1      | Reached XP level 1. HP: 19/19 MP: 0/0
    99 | D:1      | Reached XP level 2. HP: 19/27 MP: 1/1
   724 | D:1      | Reached skill level 4 in Axes
   855 | D:1      | Reached XP level 3. HP: 33/33 MP: 2/2
   999 | D:2      | Reached ** piety under Trog
  1141 | D:2      | Noticed Natasha
  1152 | D:2      | Killed Natasha
  1152 | D:2      | Reached XP level 4. HP: 8/41 MP: 3/3
  1516 | D:2      | Noticed Natasha
  1525 | D:2      | Killed Natasha
  1745 | D:2      | Noticed Natasha
  1748 | D:2      | Killed Natasha
  1748 | D:2      | Reached XP level 5. HP: 41/47 MP: 4/4
  1753 | D:2      | Reached skill level 5 in Axes
  2225 | D:3      | Noticed Jessica
  2234 | D:3      | Killed Jessica
  2234 | D:3      | Reached *** piety under Trog
  2234 | D:3      | Reached skill level 5 in Fighting
  2264 | D:3      | Found a faded altar to an unknown god.
  2828 | D:4      | Noticed mistymad's ghost (amateur MiBe)
  2830 | D:4      | Found Haur's Antique Weapon Shop.
  2994 | D:4      | Killed mistymad's ghost
  2994 | D:4      | Reached skill level 6 in Axes
  2994 | D:4      | Reached XP level 6. HP: 56/56 MP: 5/5
  3063 | D:4      | Reached XP level 7. HP: 18/62 MP: 6/6
  3372 | D:4      | Reached skill level 5 in Armour
  3415 | D:4      | Bought a runed hand axe for 75 gold pieces
  3498 | D:4      | Found a staircase to the Ecumenical Temple.
  3508 | Temple   | Entered the Ecumenical Temple
  3639 | D:4      | Reached skill level 7 in Axes
  3811 | D:5      | Entered Level 5 of the Dungeon
  3996 | D:5      | Found a glowing silver altar of Zin.
  4010 | D:5      | Found Ytimp's Food Shop.
  4023 | D:5      | Bought a royal jelly for 20 gold pieces
  4031 | D:5      | Found a glowing golden altar of the Shining One.
  4219 | D:5      | Reached **** piety under Trog
  4219 | D:5      | Reached XP level 8. HP: 52/71 MP: 7/7
  4385 | D:5      | Reached skill level 8 in Axes
  4385 | D:5      | Reached skill level 5 in Dodging
  4529 | D:5      | Found a bloodstained altar of Trog.
  4529 | D:5      | Found a deep blue altar of Sif Muna.
  4530 | D:5      | Found an ancient bone altar of Kikubaaqudgha.
  4881 | D:6      | Noticed Eustachio
  4898 | D:6      | Killed Eustachio
  5272 | D:6      | Found a shadowy altar of Dithmenos.
  5278 | D:6      | Found a glowing golden altar of the Shining One.
  5690 | D:7      | Reached skill level 9 in Axes
  5698 | D:7      | Reached XP level 9. HP: 50/79 MP: 8/8
  6199 | D:7      | Found a basalt altar of Yredelemnul.
  6530 | D:7      | Gained mutation: You expend magic power (3 MP) to strengthen your wands. [mutagenic meat]
  6800 | D:7      | Found a white marble altar of Elyvilon.
  6800 | D:7      | Noticed an oklob plant
  6826 | D:7      | Killed an oklob plant
  7233 | D:7      | Reached skill level 10 in Axes
  7355 | D:8      | Slain by an orc warrior

Skill      XL: |  1  2  3  4  5  6  7  8  9 |
---------------+----------------------------+-----
Fighting       | 4 5 6 7 9 |  9.0
Axes           | 4 6 7 9 10 | 10.1
Armour         | 3 4 5 7 8 |  8.5
Dodging        | 3 4 6 7 |  7.5

Action                   |  1- 3 |  4- 6 |  7- 9 || total
-------------------------+-------+-------+-------++-------
Melee: Hand axe          |    70 |   111 |   328 ||   509
       Headbutt          |     7 |    22 |    63 ||    92
Invok: Berserk           |     1 |     1 |     2 ||     4
       Trog's Hand       |       |     2 |     2 ||     4
  Eat: Chunk             |     1 |     8 |    15 ||    24
       Fruit             |       |       |     1 ||     1
Armor: Animal skin       |     3 |       |       ||     3
       Ring mail         |    12 |    22 |    92 ||   126
Dodge: Dodged            |    40 |    72 |   197 ||   309
